 Dungeon Crawl Stone Soup version 0.25-a0-24-g72dcfe0359 (webtiles) character file.

Game seed: 367481800116656392, levelgen mode: deterministic

31 Arixos the Magician (level 3, 0/25 HPs)
             Began as a Gnoll Wizard on Oct 17, 2019.
             Succumbed to Sigmund's poison
             ... on level 2 of the Dungeon.
             The game lasted 00:04:38 (1005 turns).

Arixos the Magician (Gnoll Wizard)                  Turns: 1005, Time: 00:04:38

Health: 0/25       AC:  2    Str:  9    XL:     3   Next: 22%
Magic:  3/11       EV: 17    Int: 21    God:
Gold:   61         SH:  0    Dex: 13    Spells: 5/16 levels left

rFire    . . .     SeeInvis .   k - +1 dagger (venom)
rCold    . . .     Gourm    .   (no shield)
rNeg     . . .     Faith    .   a - +0 robe
rPois    .         Spirit   .   b - +0 hat
rElec    .         Reflect  .   (no cloak)
rCorr    .         Harm     .   (no gloves)
MR       .....                  (no boots)
Stlth    +++.......             l - amulet of the acrobat
HPRegen  0.08/turn              o - +3 ring of evasion
MPRegen  0.12/turn              (no ring)

@: lethally poisoned (0 -> -12)
A: distributed training, fangs 1, strong nose
a: no special abilities


You were on level 2 of the Dungeon.
You were not hungry.

You visited 1 branch of the dungeon, and saw 2 of its levels.

You collected 61 gold pieces.

Inventory:

Hand Weapons
 k - a +1 dagger of venom (weapon)
Armour
 a - a +0 robe (worn)
 b - a +0 hat (worn)
Jewellery
 l - an amulet of the acrobat (around neck)
 o - a +3 ring of evasion (left hand)
Scrolls
 c - 4 scrolls of identify {unknown}
 e - a scroll of magic mapping {unknown}
 f - 2 scrolls of teleportation {unknown}
 i - 2 scrolls of remove curse {unknown}
 m - a scroll of enchant armour {unknown}
 n - a scroll of noise {unknown}
Potions
 h - a potion of invisibility {unknown}
 j - a potion of agility {unknown}
 p - a potion of magic {unknown}
 q - a potion of curing {unknown}
Comestibles
 d - 3 rations
 g - 2 chunks of flesh


   Skills:
 + Level 0.6 Fighting
 + Level 0.6 Short Blades
 + Level 0.6 Long Blades
 + Level 0.6 Axes
 + Level 0.6 Maces & Flails
 + Level 0.6 Polearms
 + Level 0.6 Staves
 + Level 0.6 Slings
 + Level 0.6 Bows
 + Level 0.6 Crossbows
 + Level 0.6 Throwing
 + Level 0.6 Armour
 + Level 4.5 Dodging
 + Level 4.1 Stealth
 + Level 0.6 Shields
 + Level 0.6 Unarmed Combat
 + Level 7.1 Spellcasting
 + Level 2.1 Conjurations
 + Level 0.4 Hexes
 + Level 0.4 Charms
 + Level 2.1 Summonings
 + Level 0.4 Necromancy
 + Level 2.1 Translocations
 + Level 0.4 Transmutations
 + Level 0.4 Fire Magic
 + Level 0.4 Ice Magic
 + Level 0.4 Air Magic
 + Level 0.4 Earth Magic
 + Level 0.4 Poison Magic
 + Level 0.8 Invocations
 + Level 0.6 Evocations


You had 5 spell levels left.
You knew the following spells:

 Your Spells              Type           Power        Failure   Level  Hunger
a - Magic Dart            Conj           ###.         3%          1    None
c - Mephitic Cloud        Conj/Pois/Air  ##......     17%         3    None
e - Blink                 Tloc           N/A          5%          2    None
f - Conjure Flame         Conj/Fire      ##......     16%         3    None
q - Call Imp              Summ           ###.....     5%          2    None

Your spell library contained the following spells:

 Spells                   Type           Power        Failure   Level  Hunger
 Slow                     Hex            #.......     11%         2    None


Dungeon Overview and Level Annotations

Branches:
Dungeon (2/15)

Altars:
Qazlal

Annotations:
D:2 Sigmund


Innate Abilities, Weirdness & Mutations

Your experience applies equally to all skills.
You have very sharp teeth.
Your uncanny sense of smell can sniff out nearby items.


Message History

Something tries to affect you, but you resist.
Something barely misses you.
You hit something but do no damage. Something hits you.
You are poisoned.
You hit something but do no damage.
You feel sick.
You closely miss something.
You feel sick. Something hits you.
You are lethally poisoned!
You miss something.
You feel sick.
You hear some strange, mumbled words.
A puff of flame appears from out of thin air!
The puff of flame hits you!
* * * LOW HITPOINT WARNING * * *
You closely miss something.
* * * LOW HITPOINT WARNING * * *
You feel sick. Something barely misses you.
You miss something.
* * * LOW HITPOINT WARNING * * *
You feel sick.
You hit something.
You die...

#. #.# #.# #.#
#.# #.# #.##
#..## .# ##.#@#
.. ###.###{# ##..
###..## #.. ∆
#... #.....# <...
#.#. #.#.##.#
#.## #.#. #.#.#
#.# #.# #.##.#.
#.#.# ...##.#
#.##.#. #.#.#
#.#...#####.##.[.
#.#.#
.#......##.##...


There were no monsters in sight!

Vanquished Creatures
  A leopard gecko (D:1)
  4 bats
  6 goblins (D:1)
  3 hobgoblins
  7 jackals (D:1)
  2 frilled lizards (D:2)
  2 rats (D:1)
25 creatures vanquished.

Notes
Turn   | Place    | Note
-------+----------+-------------------------------------------
     0 | D:1      | Arixos the Gnoll Wizard began the quest for the Orb.
     0 | D:1      | Reached XP level 1. HP: 13/13 MP: 8/8
    63 | D:1      | Reached XP level 2. HP: 17/19 MP: 10/10
    74 | D:1      | Learned a level 2 spell: Blink
    77 | D:1      | Learned a level 2 spell: Call Imp
   424 | D:1      | Reached XP level 3. HP: 25/25 MP: 8/11
   429 | D:1      | Learned a level 3 spell: Conjure Flame
   433 | D:1      | Learned a level 3 spell: Mephitic Cloud
   872 | D:2      | Found a stormy altar of Qazlal.
   982 | D:2      | Noticed Sigmund
  1004 | D:2      | HP: 1/25 [poisoned by Sigmund]
  1005 | D:2      | Succumbed to Sigmund's poison

Levels and vault maps discovered:
D:1:      dpeg_arrival_orchard, layout_loops_corners
D:2:      layout_loops_ring, lemuel_crystal_altar,
          gammafunk_temple_overflow_claw, first_ration, uniq_sigmund

Skill      XL: |  1 |
---------------+----+-----
Conjurations   | 2 |  2.1
Summonings     | 2 |  2.1
Translocations | 2 |  2.1
Fighting       | |  0.6
Short Blades   | |  0.6
Long Blades    | |  0.6
Axes           | |  0.6
Maces & Flails | |  0.6
Polearms       | |  0.6
Staves         | |  0.6
Slings         | |  0.6
Bows           | |  0.6
Crossbows      | |  0.6
Throwing       | |  0.6
Armour         | |  0.6
Dodging        | |  4.5
Stealth        | |  4.1
Shields        | |  0.6
Unarmed Combat | |  0.6
Spellcasting   | |  7.1
Hexes          | |  0.4
Charms         | |  0.4
Necromancy     | |  0.4
Transmutations | |  0.4
Fire Magic     | |  0.4
Ice Magic      | |  0.4
Air Magic      | |  0.4
Earth Magic    | |  0.4
Poison Magic   | |  0.4
Invocations    | |  0.8
Evocations     | |  0.6

Action                   || total
-------------------------++-------
Melee: Dagger            ||    52
       Bite              ||     2
 Cast: Magic Dart        ||    39
       Conjure Flame     ||     1
 Stab: Sleeping          ||     1
Armor: Robe              ||     6
Dodge: Dodged            ||    33

Table legend:
 A = Non-vault XP
 B = Vault XP
 C = Vault XP percentage of total XP
 D = Non-vault monster count
 E = Vault monster count
 F = Vault count percentage of total count
                 A         B        C        D         E       F
            +---------+---------+-------+---------+---------+-------
      Total |      45 |       0 |   0.0 |      25 |       0 |   0.0
            +---------+---------+-------+---------+---------+-------
        D:1 |      40 |       0 |   0.0 |      21 |       0 |   0.0
        D:2 |       5 |       0 |   0.0 |       4 |       0 |   0.0
            +---------+---------+-------+---------+---------+-------
